 Dungeon Crawl Stone Soup version 0.24-a0-378-g94936e539c (webtiles) character file.

Game seed: 265842668948597742

8 Iscandelvey the Vexing (level 2, 13/21 HPs)
             Began as a Demonspawn Arcane Marksman on June 1, 2019.
             Quit the game on level 1 of the Dungeon.
             The game lasted 00:00:10 (96 turns).

Iscandelvey the Vexing (Demonspawn Arcane Marksman)   Turns: 96, Time: 00:00:10

Health: 13/21      AC:  2    Str: 10    XL:     2   Next: 0%
Magic:  3/3        EV: 12    Int: 14    God:
Gold:   0          SH:  0    Dex: 13    Spells: 2/3 levels left

rFire    . . .     SeeInvis .   a - +0 hunting sling
rCold    . . .     Gourm    .   (no shield)
rNeg     . . .     Faith    .   e - +0 robe
rPois    .         Spirit   .   (helmet restricted)
rElec    .         Reflect  .   (no cloak)
rCorr    .         Harm     .   (no gloves)
MR       .....                  (no boots)
Stlth    +.........             (no amulet)
HPRegen  0.07/turn              (no ring)
MPRegen  0.08/turn              (no ring)

@: no status effects
A: horns 1
a: no special abilities


You were on level 1 of the Dungeon.
You were not hungry.

You visited 1 branch of the dungeon, and saw 1 of its levels.

Inventory:

Hand Weapons
 a - a +0 hunting sling (weapon)
Missiles
 c - 29 stones
 d - 6 sling bullets (quivered)
Armour
 e - a +0 robe (worn)
Scrolls
 b - a scroll of remove curse {unknown}
Comestibles
 f - a ration


   Skills:
 + Level 1.0 Fighting
 + Level 1.7 Slings
 + Level 1.7 Dodging
 + Level 1.0 Spellcasting
 + Level 3.5 Hexes


You had 2 spell levels left.
You knew the following spells:

 Your Spells              Type           Power        Failure   Level  Hunger
a - Corona                Hex            ##.....      6%          1    ##.....

Your spell library contained the following spells:

 Spells                   Type           Power        Failure   Level  Hunger
 Slow                     Hex            ##......     9%          2    ###....
 Inner Flame              Hex/Fire       #.......     36%         3    ####...
 Portal Projectile        Hex/Tloc       #.....       36%         3    ####...
 Cause Fear               Hex            ##........   52%         4    #####..
 Leda's Liquefaction      Hex/Erth       #.........   77%         4    #####..


Dungeon Overview and Level Annotations

Branches:
Dungeon (1/15)

Altars:
The Shining One


Innate Abilities, Weirdness & Mutations

You have a pair of small horns on your head.


Message History

The sling bullet barely misses the frilled lizard.
The frilled lizard barely misses you.
A frilled lizard is nearby!
Firing (i - inventory. (/) - cycle)
d - 8 sling bullets (quivered)
Press: ? - help, Shift-Dir - straight line, f/p - frilled lizard
Aim: a frilled lizard You shoot a sling bullet.
The sling bullet barely misses the frilled lizard.
The frilled lizard bites you.
A frilled lizard is nearby!
Firing (i - inventory. (/) - cycle)
d - 7 sling bullets (quivered)
Press: ? - help, Shift-Dir - straight line, f/p - frilled lizard
Aim: a frilled lizard You shoot a sling bullet.
The sling bullet hits the frilled lizard!
You kill the frilled lizard!
You have reached level 2!
Your demonic ancestry asserts itself...
A pair of horns grows on your head!
Are you sure you want to abandon this character and quit the game? (Confirm with "yes".)

######...## #
..........#
#.########.#.##
#.......#..#..#######
.........###......># ###
###....## ##..###.#
..(.# #...##...+#..##.##
......#..##..#..##.....#
#((@##..#.# .##.....
#...### #._.# ###...
#.#. . #.#..##...## .(
..##..#..##..### ##
##..##...##..## #....#
##..## ......###..##
.#.....#..## .......#.##


There were no monsters in sight!

Vanquished Creatures
  An ooze (D:1)
  2 goblins (D:1)
  A frilled lizard (D:1)
4 creatures vanquished.

Notes
Turn   | Place    | Note
-------+----------+-------------------------------------------
     0 | D:1      | Iscandelvey the Demonspawn Arcane Marksman began the quest
                  | for the Orb.
     0 | D:1      | Reached XP level 1. HP: 15/15 MP: 2/2
    65 | D:1      | Found a glowing golden altar of the Shining One.
    95 | D:1      | Gained mutation: You have a pair of small horns on your
                  | head. [demonic ancestry]
    95 | D:1      | Reached XP level 2. HP: 13/21 MP: 3/3
    96 | D:1      | Quit the game

Levels and vault maps discovered:
D:1:      dpeg_arrival_round_c, layout_basic, kennysheep_nondescript,
          tso_metal_star

Action                   || total
-------------------------++-------
 Fire: Hunting sling     ||    22
Dodge: Dodged            ||     9

Table legend:
 A = Non-vault XP
 B = Vault XP
 C = Vault XP percentage of total XP
 D = Non-vault monster count
 E = Vault monster count
 F = Vault count percentage of total count
                 A         B        C        D         E       F
            +---------+---------+-------+---------+---------+-------
      Total |      12 |       0 |   0.0 |       4 |       0 |   0.0
            +---------+---------+-------+---------+---------+-------
        D:1 |      12 |       0 |   0.0 |       4 |       0 |   0.0
            +---------+---------+-------+---------+---------+-------
